 Dungeon Crawl Stone Soup version 0.29.0-4-gdea44cf6ec (webtiles) character file.

Game seed: 10129632051096506954

23 qw the Chopper (level 2, 0/17 HPs)
             Began as a Tengu Warper on Aug 28, 2022.
             Succumbed to an adder's poison
             ... on level 1 of the Dungeon.
             The game lasted 00:00:04 (1059 turns).

qw the Chopper (Tengu Warper)                       Turns: 1059, Time: 00:00:04

Health: 0/17       AC:  3    Str: 11    XL:     2   Next: 95%
Magic:  6/6        EV: 11    Int: 13    God:
Gold:   49         SH:  0    Dex: 13    Spells: 5/5 levels left

rFire   . . .      SeeInvis .   a - +0 hand axe
rCold   . . .      Faith    .   (no shield)
rNeg    . . .      Spirit   .   b - +0 leather armour
rPois   .          Reflect  .   (helmet restricted)
rElec   .          Harm     .   (no cloak)
rCorr   .          Rampage  .   (no gloves)
Will    .....                   (boots unavailable)
Stlth   +.........              (no amulet)
HPRegen 0.05/turn               (no ring)
MPRegen 0.10/turn               (no ring)

@: lethally poisoned (0 -> -7)
A: beak, talons 3
a: no special abilities


You were on level 1 of the Dungeon.
You visited 1 branch of the dungeon, and saw 2 of its levels.

You collected 49 gold pieces.


Innate Abilities, Weirdness & Mutations

You have a beak for a mouth.
You have claws for feet.


   Skills:
 - Level 2.0 Fighting
 + Level 3.7 Axes
 - Level 1.0 Throwing
 - Level 1.1 Armour
 - Level 2.1 Dodging
 - Level 2.0 Spellcasting
 - Level 2.4 Translocations


You had 5 spell levels left.
You didn't know any spells.
Your spell library contained the following spells:

 Spells                   Type           Power      Damage    Failure   Level
 Blink                    Tloc           14%        N/A       19%         2
 Gell's Gravitas          Tloc           7%         N/A       36%         3
 Lesser Beckoning         Tloc           7%         N/A       36%         3
 Teleport Other           Tloc           7%         N/A       36%         3
 Manifold Assault         Tloc           7%         N/A       98%         5

Inventory:

Hand Weapons
 a - a +0 hand axe (weapon)
 c - a +0 club
Armour
 b - a +0 leather armour (worn)
Potions
 d - a potion of might {unknown}
 e - a potion of flight {unknown}
 f - a potion of curing {unknown}

Dungeon Overview and Level Annotations

Branches:
Dungeon (2/15)

Altars:

Shops:
D:1 !


Message History

You climb downwards.
The hobgoblin shouts!
The adder hisses angrily.
Found four items.
There is a stone staircase leading up here.
There are monsters nearby!
Existing waypoints: (2) D:1 Assign waypoint to what number? (0-9, D - delete waypoint) Waypoint 1 assigned to D:2.
Enter note: A quokka comes into view.
1051 ||| STAIRDANCE The adder barely misses you.
You climb upwards.
There is a stone staircase leading down here.
You slash the adder! Your kick misses the adder.
The adder is severely wounded.
The adder closely misses you. The adder misses you.
You hit the adder but do no damage.
The adder is severely wounded.
The adder bites you.
You are poisoned.
The adder poisons you!
You closely miss the adder.
The adder is severely wounded.
You feel sick. The adder bites you. The adder closely misses you.
You closely miss the adder.
The adder is severely wounded.
You feel sick. The adder bites you.
You are lethally poisoned!
The adder poisons you! The adder barely misses you.
You barely miss the adder. Your kick misses the adder.
The adder is severely wounded.
You feel very sick. The adder misses you.
You closely miss the adder. You claw the adder.
You kill the adder!
You feel sick.
There is a lethal amount of poison in your body!
You die...

.##.#.#.#.###.######.# #..# #.#
.##.#.#.#.# #.# #.# #..###)##
.....#....###.# #.# #........
....#.#.###...# #.# ##.###..##
.##.....# #.### ##.###.........
.#......# #.# ##...###.###..##
......>.###.## #...........~~~~
.#......##.#.#####....#######~###
.#........###...@%...########~#>.
.#.#######.#.#####...........~#..
.#.# ##.## #.####.)....~##' .#.#
### #.# #.#####~~#. .#.# #.# #.#
##~~#. .#.# #.####.####.~~#. .#.#
######.#........#~~#. .#.#
#........##.##.##~~#. .#.#
#.####.####.#.###~##'


There were no monsters in sight!

Vanquished Creatures
  An adder (D:1)
  A dart slug (D:1)
  A bat (D:1)
  An endoplasm (D:1)
  A giant cockroach (D:1)
  3 goblins (D:1)
  A hobgoblin (D:1)
  A ball python (D:1)
  A frilled lizard (D:1)
  A rat (D:1)
12 creatures vanquished.

Notes
Turn   | Place    | Note
-------+----------+-------------------------------------------
     0 | D:1      | qw the Tengu Warper began the quest for the Orb.
     0 | D:1      | Reached XP level 1. HP: 12/12 MP: 4/4
     0 | D:1      | 0 ||| qw: Version: 0.1-a-89-g26bdef1
     0 | D:1      | 0 ||| qw: Game counter: 3153
     0 | D:1      | 0 ||| qw: Always use a shield: true
     0 | D:1      | 0 ||| qw: God list: Okawaru
     0 | D:1      | 0 ||| qw: Allow faded altars: false
     0 | D:1      | 0 ||| qw: Do Orc after D:15 true
     0 | D:1      | 0 ||| qw: Do second Lair branch before Depths: true
     0 | D:1      | 0 ||| qw: Lair rune preference: random
     0 | D:1      | 0 ||| qw: Plans: Normal
     0 | D:1      | 0 ||| PLANNING D:1-11
    50 | D:1      | 50 ||| DROPPING scroll of blinking.
    51 | D:1      | 51 ||| Stepping randomly (stuck).
    52 | D:1      | 52 ||| Stepping randomly (stuck).
    53 | D:1      | 53 ||| Stepping randomly (stuck).
    54 | D:1      | 54 ||| Stepping randomly (stuck).
    72 | D:1      | Found Jeyhu's Distillery.
    78 | D:1      | 78 ||| SHOPLISTING 2 potions of resistance (220 gold, have
                  | 0).
    78 | D:1      | 78 ||| SHOPLISTING potion of curing (33 gold, have 0).
   250 | D:1      | Found a faded altar of an unknown god.
   292 | D:1      | Reached skill level 3 in Axes
   292 | D:1      | Reached XP level 2. HP: 9/17 MP: 6/6
   507 | D:1      | 507 ||| Stepping ~*~*~tactically~*~*~ (hiding).
   609 | D:1      | 609 ||| Stepping ~*~*~tactically~*~*~ (hiding).
  1051 | D:2      | 1051 ||| STAIRDANCE
  1057 | D:1      | HP: 3/17 [poisoned by an adder]
  1058 | D:1      | HP: 1/17 [poisoned by an adder]
  1059 | D:1      | Succumbed to an adder's poison

Levels and vault maps discovered:
D:1:      heliophobic_arrival_glass_houses, layout_loops_ring,
          hellmonk_ecumenical_altar_prayer_group, serial_shops, shop
D:2:      layout_rooms, lightli_corner_chamber

Skill      XL: |  1 |
---------------+----+-----
Axes           | 3 |  3.7
Fighting       | |  2.0
Throwing       | |  1.0
Armour         | |  1.1
Dodging        | |  2.1
Spellcasting   | |  2.0
Translocations | |  2.4

Action                   || total
-------------------------++-------
Melee: Hand axe          ||    28
       Kick              ||     4
       Peck              ||     2
Throw: Boomerang         ||     7
Armor: Leather armour    ||     5
Dodge: Dodged            ||    16

Table legend:
 A = Non-vault XP
 B = Vault XP
 C = Vault XP percentage of total XP
 D = Non-vault monster count
 E = Vault monster count
 F = Vault count percentage of total count
                 A         B        C        D         E       F
            +---------+---------+-------+---------+---------+-------
      Total |      31 |       2 |   6.1 |      11 |       1 |   8.3
            +---------+---------+-------+---------+---------+-------
        D:1 |      31 |       2 |   6.1 |      11 |       1 |   8.3
            +---------+---------+-------+---------+---------+-------
